 Seeded DCSS version 0.27-a0-1200-g94dc6ad4cf (webtiles) character file.

Game seed: 1482225061180600175 (custom seed)

308 flotson the Chopper (level 6, -3/47 HPs)
             Began as a Demonspawn Gladiator on May 31, 2021.
             Slain by Duvessa
             ... wielding a +0 rapier
              (6 damage)
             ... on level 4 of the Dungeon.
             The game lasted 00:06:09 (2984 turns).

flotson the Chopper (Demonspawn Gladiator)          Turns: 2984, Time: 00:06:09

Health: -3/47      AC:  7    Str: 16    XL:     6   Next: 17%
Magic:  6/6        EV: 16    Int: 11    God:
Gold:   91         SH:  0    Dex: 15    Spells: 5/5 levels left

rFire    . . .     SeeInvis .   a - +0 war axe
rCold    . . .     Faith    .   (no shield)
rNeg     . . .     Spirit   .   q - +0 scale mail
rPois    .         Reflect  .   (helmet restricted)
rElec    .         Harm     .   (no cloak)
rCorr    +         Rampage  .   h - +0 pair of gloves
Will     .....                  (no boots)
Stlth    ..........             e - amulet of regeneration
HPRegen  1.15/turn              f - ring of resist corrosion
MPRegen  0.10/turn              (no ring)

@: agile
A: antennae 1, powered by pain 1, big brain 1
a: no special abilities


You were on level 4 of the Dungeon.
You visited 1 branch of the dungeon, and saw 4 of its levels.

You collected 91 gold pieces.

Inventory:

Hand Weapons
 a - a +0 war axe (weapon)
Missiles
 c - 3 boomerangs of dispersal
 d - 3 throwing nets (quivered)
Armour
 h - a +0 pair of gloves (worn)
 q - a +0 scale mail (worn)
Jewellery
 e - an amulet of regeneration (around neck)
 f - a ring of resist corrosion (left hand)
Scrolls
 b - a scroll of immolation {unknown}
 g - a scroll of brand weapon {unknown}
 k - a scroll of vulnerability {unknown}
 l - a scroll of amnesia {unknown}
 m - 2 scrolls of identify {unknown}
 n - a scroll of enchant weapon {unknown}
 o - a scroll of fear {unknown}
Potions
 i - a potion of flight {unknown}
 p - a potion of attraction {unknown}


   Skills:
 + Level 3.5 Fighting
 + Level 3.9 Axes
 - Level 2.0 Throwing
 + Level 2.5 Armour
 + Level 3.9 Dodging


You had 5 spell levels left.
You didn't know any spells.
Your spell library contained the following spells:

 Spells                   Type           Power      Damage    Failure   Level
 Magic Dart               Conj           0%         1d3       77%         1
 Shock                    Conj/Air       0%         1d3       77%         1
 Searing Ray              Conj           0%         3d3       88%         2
 Static Discharge         Conj/Air       0%         N/A       88%         2
 Dazzling Flash           Conj/Hex       0%         N/A       98%         3
 Swiftness                Air            0%         N/A       98%         3
 Airstrike                Air            0%         N/A       100%        4
 Fulminant Prism          Conj/Hex       0%         3d6       100%        4
 Iskenderun's Mystic Bla  Conj/Tloc      0%         2d3       100%        4
 Lightning Bolt           Conj/Air       0%         1d11      100%        5


Dungeon Overview and Level Annotations

Branches:
Dungeon (4/15)
 Temple: D:4-7

Altars:
Cheibriados
Elyvilon

Shops:
D:2 =   D:4 (

Annotations:
D:4 Dowan, Duvessa


Innate Abilities, Weirdness & Mutations

You have a pair of small antennae on your head.
You sometimes gain a little power by taking damage.
You have an unusually large brain. (Int +2)


Message History

You miss Dowan. You hit Duvessa. You closely miss the hound.
The hound misses you. Duvessa hits you but does no damage.
Dowan hits you but does no damage. The hound closely misses you.
Duvessa closely misses you.
You closely miss Dowan. You hit Duvessa. You barely miss the hound.
The hound bites you but does no damage. Dowan hits you but does no damage.
Duvessa misses you. The hound completely misses you.
Dowan hits you but does no damage. Duvessa hits you with a +0 rapier.
You hit Dowan but do no damage. You closely miss the hound.
You hit Duvessa but do no damage. The hound bites you but does no damage.
Duvessa hits you with a +0 rapier.
Dowan points at you and mumbles some strange words.
The puff of flame hits you!
* * * LOW HITPOINT WARNING * * *
You focus on the pain.
You feel agile all of a sudden. The hound closely misses you.
Duvessa barely misses you.
You closely miss Dowan. You barely miss the hound. You closely miss Duvessa.
The hound bites you but does no damage. Duvessa hits you with a +0 rapier!
* * * LOW HITPOINT WARNING * * *
A ball python comes into view.
Dowan barely misses you. The hound barely misses you.
Duvessa completely misses you.
Unknown command.
You closely miss the hound. You miss Dowan.
The ball python hisses angrily.
You hit Duvessa.
Dowan says, "My weaknesses are her strengths!"
Dowan mumbles some strange words.
Dowan blinks!
The hound barely misses you. Duvessa misses you. The hound barely misses you.
You barely miss the hound. You barely miss Duvessa. Duvessa closely misses you.
The hound bites you.
* * * LOW HITPOINT WARNING * * *
Duvessa hits you with a +0 rapier.
* * * LOW HITPOINT WARNING * * *
Unknown command.
Duvessa misses you. The hound closely misses you.
Duvessa hits you with a +0 rapier.
You die...

#.# #.# #.# ### ###
. ##.####...
#.eh...... ##@S##..#
####.## #....#
#.##e.# # ####
####.##...# #
#.#.###....##.#... #
#.#........##.#..(..
#
#.#........#....###.
# #.#............ #


You could see Duvessa (fast), Dowan, a hound and a ball python.

Vanquished Creatures
  A centaur (D:4)
  A scorpion (D:4)
  A howler monkey (D:4)
  A hound (D:4)
  2 adders (D:2)
  An ufetubus (D:4)
  An adder skeleton (D:4)
  A dart slug (D:1)
  10 orcs
  2 endoplasms
  A giant cockroach (D:1)
  5 goblins
  9 hobgoblins
  5 jackals
  4 quokkas
  5 ball pythons
  2 bats
  3 frilled lizards (D:2)
  6 kobolds
  12 rats
73 creatures vanquished.

Notes
Turn   | Place    | Note
-------+----------+-------------------------------------------
     0 | D:1      | flotson the Demonspawn Gladiator began the quest for the
                  | Orb.
     0 | D:1      | Reached XP level 1. HP: 16/16 MP: 1/1
     4 | D:1      | Noticed a formicid
     6 | D:1      | Noticed a felid
     7 | D:1      | Noticed a minotaur skeleton
    11 | D:1      | Noticed a vine stalker
    11 | D:1      | Noticed an elf
    13 | D:1      | Noticed a human
    13 | D:1      | Noticed a centaur
    15 | D:1      | Noticed a minotaur zombie
    17 | D:1      | Noticed a naga
    19 | D:1      | Noticed a ghoul
    92 | D:1      | Gained mutation: You sometimes gain a little power by
                  | taking damage. [demonic ancestry]
    92 | D:1      | Reached XP level 2. HP: 20/22 MP: 2/2
   697 | D:1      | Reached skill level 1 in Armour
   697 | D:1      | Reached XP level 3. HP: 28/28 MP: 3/3
   707 | D:1      | Found a faded altar of an unknown god.
  1150 | D:2      | Found Naweufokk's Jewellery Boutique.
  1478 | D:2      | Gained mutation: You have a pair of small antennae on your
                  | head. [demonic ancestry]
  1478 | D:2      | Reached XP level 4. HP: 34/34 MP: 4/4
  1843 | D:3      | Found a large runed translucent door.
  1847 | D:3      | Found a large runed translucent door.
  2522 | D:3      | Found a snail-covered altar of Cheibriados.
  2606 | D:4      | Noticed a scorpion
  2628 | D:4      | Killed a scorpion
  2629 | D:4      | Reached XP level 5. HP: 9/41 MP: 5/5
  2630 | D:4      | Noticed Dowan
  2682 | D:4      | Found Romaq's Weapon Shop.
  2713 | D:4      | Noticed a centaur
  2723 | D:4      | Killed a centaur
  2728 | D:4      | Gained mutation: You have an unusually large brain. (Int
                  | +2) [demonic ancestry]
  2728 | D:4      | Reached XP level 6. HP: 16/47 MP: 6/6
  2968 | D:4      | Noticed Duvessa
  2981 | D:4      | HP: 2/47 [Duvessa/+0 rapier (7)]
  2984 | D:4      | Slain by Duvessa

Illustrated notes

Levels and vault maps discovered:
D:1:      shiori_arrival_whats_in_store_for_you, layout_rooms,
          shapermc_ecumenical_altar_gd
D:2:      layout_loops_ring, serial_shops, nicolae_shop_statue_plus,
          corexii_leaking_fountain
D:3:      layout_basic, jmf_multi_god_temple2
D:4:      layout_loops_ring, serial_shops, shop, gup_sewer_entry_bubbles,
          palyth_stone_intersect, uniq_duvessa

Skill      XL: |  1  2  3  4 |
---------------+-------------+-----
Throwing       | 2 |  2.0
Dodging        | 3 |  3.9
Axes           | 3 |  3.9
Armour         | 1 2 |  2.5
Fighting       | 3 |  3.5

Action                   |  1- 3 |  4- 6 || total
-------------------------+-------+-------++-------
Melee: War axe           |   107 |    95 ||   202
  Use: Potion            |       |     1 ||     1
 Stab: Sleeping          |     1 |       ||     1
Armor: Leather armour    |    21 |       ||    21
       Ring mail         |    20 |    28 ||    48
       Scale mail        |       |    10 ||    10
Dodge: Dodged            |    70 |   106 ||   176

Table legend: (Time is in decaauts)
 A = Elapsed time spent in this place.
 B = Non-inter-level travel time spent in this place.
 C = Inter-level travel time spent in this place.
 D = Time resting spent in this place.
 E = Time spent auto-exploring this place.
 F = Levels seen in this place.
 G = Mean time per level.
                   A        B        C        D        E       F      G
               +--------+--------+--------+--------+--------+-----+--------+
         Total |   3052 |   2927 |    125 |      4 |   2236 |   4 |  763.0 |
       Dungeon |   3052 |   2927 |    125 |      4 |   2236 |   4 |  763.0 |
               +--------+--------+--------+--------+--------+-----+--------+

Top non-repeatable levels by time:
     D:3: 1032 daAuts
     D:1: 1007 daAuts
     D:2: 653 daAuts
     D:4: 359 daAuts
